 Dungeon Crawl Stone Soup version 0.30-a0-870-gc5d4c5acee (webtiles) character file.

Game seed: 8334096036083147169

67 greasedhog the Shooter (level 4, 0/26 HPs)
             Began as a Gargoyle Hexslinger on Mar 11, 2023.
             Killed from afar by an orc wizard (8 damage)
             ... with a puff of flame
             ... on level 3 of the Dungeon.
             The game lasted 00:02:57 (1781 turns).

greasedhog the Shooter (Gargoyle Hexslinger)        Turns: 1781, Time: 00:02:57

Health: 0/26       AC: 11    Str: 13    XL:     4   Next: 18%
Magic:  5/5        EV: 11    Int: 14    God:
Gold:   94         SH:  5    Dex: 12    Spells: 4/5 levels left

rFire   . . .      SeeInvis .    a - +2 sling
rCold   . . .      Faith    .    i - +2 buckler
rNeg    + . .      Spirit   .    n - +0 steam dragon scales
rPois   ∞          Reflect  .    b - +0 helmet
rElec   +          Rampage  .    h - +0 cloak
rCorr   .                        (no gloves)
Will    .....                    (no boots)
Stlth   +                        (no amulet)
HPRegen 0.24/turn                (no ring)
MPRegen 0.09/turn                (no ring)

@: no status effects
A: sickness immunity, AC +3, negative energy resistance 1, electricity
resistance, torment resistance 1, petrification resistance
a: no special abilities


You were on level 3 of the Dungeon.
You visited 1 branch of the dungeon, and saw 3 of its levels.

You collected 94 gold pieces.

Inventory:

Hand Weapons
 a - a +2 sling (weapon)
Armour
 b - a +0 helmet (worn)
 h - a +0 cloak (worn)
 i - a +2 buckler (worn)
 n - +0 steam dragon scales (worn)
Jewellery
 p - a ring of positive energy
 s - a +6 ring of strength
Scrolls
 f - a scroll of enchant armour {unknown}
 g - a scroll of enchant weapon
 j - a scroll of amnesia {unknown}
 l - a scroll of teleportation {unknown}
Potions
 c - a potion of attraction
 d - 2 potions of haste {unknown}
 k - a potion of lignification {unknown}
 m - a potion of berserk rage {unknown}
 o - a potion of flight {unknown}
 q - a potion of curing {unknown}
 r - a potion of might {unknown}
 t - a potion of resistance {unknown}


   Skills:
 + Level 2.2 Fighting
 * Level 3.3 Ranged Weapons
 + Level 1.8 Armour
 - Level 1.5 Dodging
 - Level 1.0 Spellcasting
 - Level 2.6 Hexes


You had 4 spell levels left.
You knew the following spells:

 Your Spells              Type           Power      Damage    Failure   Level
a - Slow                  Hex            32%        N/A       12%         1

Your spell library contained the following spells:

 Spells                   Type           Power      Damage    Failure   Level
 Wereblood                Tmut           0%         N/A       47%         2
 Inner Flame              Hex/Fire       4%         N/A       52%         3
 Portal Projectile        Hex/Tloc       8%         N/A       52%         3
 Cause Fear               Hex            4%         N/A       75%         4
 Summon Hydra             Summ           0%         N/A       100%        7
 Sublimation of Blood     Necr           Unusable   N/A       N/A         2

Dungeon Overview and Level Annotations

Branches:
Dungeon (3/15)

Altars:

Annotations:
D:2 Sigmund


Innate Abilities, Weirdness & Mutations

You are immune to sickness and miasma.
Your stone body is resilient. (AC +3)
You are immune to poison.
You resist negative energy. (rN+)
You are resistant to electric shocks. (rElec)
You are resistant to unholy torment.
You are immune to petrification.


Message History

An orc wizard is nearby!
An orc wizard is nearby!
You shoot a sling bullet. The sling bullet hits the orc wizard.
The orc wizard is moderately wounded.
You hear a shout!
An orc wizard comes into view. It is wielding a +0 dagger.
You hear a shout!
You shoot a sling bullet.
The sling bullet hits the orc wizard but does no damage.
The orc wizard is moderately wounded.
You shoot a sling bullet.
The sling bullet barely misses the orc wizard.
You hear a shout!
The orc wizard casts a spell at you. The magic dart hits you!
An orc priest comes into view. It is wielding a +0 dagger.
You shoot a sling bullet. The sling bullet hits the orc wizard.
The orc wizard is severely wounded.
An orc comes into view. It is wielding a +0 mace.
You shoot a sling bullet. The sling bullet hits the orc wizard.
The orc wizard is severely wounded.
The orc wizard points at you and mumbles some strange words.
You are confused.
The orc wizard gestures wildly while chanting.
The orc wizard flickers and vanishes!
Deactivating autopickup; reactivate with Ctrl-A.
You're too confused to cast spells.
You're too confused to cast spells.
An orc comes into view. It is wielding a +0 short sword.
The orc shouts!
The orc wizard points at you and mumbles some strange words.
The puff of flame hits you!
* * * LOW HITPOINT WARNING * * *
Something unseen opens the large door.
You feel less confused.
The orc wizard casts a spell.
The orc wizard flickers and vanishes!
A puff of flame appears from out of thin air!
The puff of flame hits you!
You die...

.##.............#...
.#########..........
.#..................
.#†################# .#.#
.....o{......# .#.###
....##...##.#########
.....+
....{'.o..#.##......#
##.### ..o##....#.##......#
#.# ##......@#.........#
#.############..........###
#.......................#
###########...........###
#...........# #........####
#.....#### #.....# #.....#


You could see an orc priest and 2 orcs.

Vanquished Creatures
  A jelly (D:2)
  An adder (D:2)
  A dart slug (D:1)
  6 giant cockroaches
  A goblin (D:1)
  A hobgoblin (D:2)
  4 quokkas
  A ball python (D:3)
  A bat (D:1)
  3 frilled lizards
  2 kobolds
  5 rats
27 creatures vanquished.

Notes
Turn   | Place    | Note
-------+----------+-------------------------------------------
     0 | D:1      | greasedhog the Gargoyle Hexslinger began the quest for the
                  | Orb.
     0 | D:1      | Reached XP level 1. HP: 12/12 MP: 2/2
   213 | D:1      | Reached XP level 2. HP: 16/16 MP: 3/3
   300 | D:1      | Found a faded altar of an unknown god.
   982 | D:2      | Reached skill level 1 in Armour
  1037 | D:2      | Reached XP level 3. HP: 21/21 MP: 4/4
  1145 | D:2      | Noticed Sigmund
  1391 | D:2      | Reached skill level 3 in Ranged Weapons
  1391 | D:2      | Reached XP level 4. HP: 26/26 MP: 5/5
  1781 | D:3      | Killed from afar by an orc wizard

Illustrated notes

Levels and vault maps discovered:
D:1:      heliophobic_arrival_battle_scene, layout_basic,
          ebering_ecumenical_altar_sacrificial, minmay_tromino_v7
D:2:      layout_loops_ring, uniq_sigmund
D:3:      lemuel_castle_with_subvaults [lemuel_castle_interior_carwin_2],
          layout_basic, uniq_robin

Skill      XL: |  1  2  3 |
---------------+----------+-----
Armour         | 1 |  1.8
Fighting       | 2 |  2.2
Ranged Weapons | 3 |  3.3
Dodging        | |  1.5
Spellcasting   | |  1.0
Hexes          | |  2.6

Action                     |  1- 3 |  4- 6 || total
---------------------------+-------+-------++-------
   Fire: Sling             |    64 |    34 ||    98
   Cast: Slow              |     1 |       ||     1
    Use: Scroll            |     1 |     2 ||     3
 Armour: Robe              |     7 |       ||     7
         Steam dragon scal |    11 |     5 ||    16
  Dodge: Dodged            |    12 |     5 ||    17
  Block: Buckler           |    12 |     3 ||    15

Table legend: (Time is in decaauts)
 A = Elapsed time spent in this place.
 B = Non-inter-level travel time spent in this place.
 C = Inter-level travel time spent in this place.
 D = Time resting spent in this place.
 E = Time spent auto-exploring this place.
 F = Levels seen in this place.
 G = Mean time per level.
                   A        B        C        D        E       F      G
               +--------+--------+--------+--------+--------+-----+--------+
         Total |   1809 |   1711 |     98 |    337 |   1094 |   3 |  603.0 |
       Dungeon |   1809 |   1711 |     98 |    337 |   1094 |   3 |  603.0 |
               +--------+--------+--------+--------+--------+-----+--------+

Top non-repeatable levels by time:
     D:1: 1170 daAuts
     D:2: 508 daAuts
     D:3: 130 daAuts
